 Dungeon Crawl Stone Soup version 0.29-a0-97-g88c9fad16d (webtiles) character file.

Game seed: 16780153844945876298

2637 drugrobin the Spear-Bearer (level 9, -1/67 HPs)
             Began as a Demigod Warper on Feb 14, 2022.
             Shot with a sling bullet by Joseph (10 damage)
             ... on level 7 of the Dungeon.
             The game lasted 00:26:30 (10725 turns).

drugrobin the Spear-Bearer (Demigod Warper)        Turns: 10725, Time: 00:26:30

Health: -1/67      AC:  7    Str: 20    XL:     9   Next: 13%
Magic:  3/14       EV: 11    Int: 15    God:
Gold:   449        SH:  4    Dex: 17    Spells: 5/11 levels left

rFire   . . .      SeeInvis +   a - +0 trident
rCold   . . .      Faith    .   y - +0 buckler
rNeg    . . .      Spirit   .   h - +2 leather armour {rPois}
rPois   +          Reflect  .   G - +0 helmet
rElec   .          Harm     .   (no cloak)
rCorr   .          Rampage  .   (no gloves)
Will    +....                   r - +0 pair of boots
Stlth   +.........              (no amulet)
HPRegen 0.21/turn               K - ring of willpower
MPRegen 0.14/turn               H - ring of see invisible

@: no status effects
A: high MP 1, forlorn, divine attributes
a: no special abilities


You were on level 7 of the Dungeon.
You visited 1 branch of the dungeon, and saw 8 of its levels.

You collected 458 gold pieces.
You spent 9 gold pieces at shops.

Inventory:

Hand Weapons
 a - a +0 trident (weapon)
 b - a +0 hunting sling
 v - a +0 spear
 z - a +0 shortbow
 J - a +1 war axe of electrocution
Missiles
 d - 5 boomerangs of dispersal
 e - 172 stones
 g - 9 boomerangs (quivered)
 k - 5 curare-tipped darts
 q - 115 arrows
 C - a throwing net
 E - 15 poisoned darts
Armour
 h - a +2 leather armour of poison resistance (worn)
 r - a +0 pair of boots (worn)
 y - a +0 buckler (worn)
 G - a +0 helmet (worn)
Magical Staves
 f - a staff of poison
 l - a staff of air
Jewellery
 p - a ring of poison resistance
 H - a ring of see invisible (right hand)
 K - a ring of willpower (left hand)
Wands
 D - a wand of iceblast (1)
Scrolls
 c - a scroll of blinking
 i - 2 scrolls of teleportation {unknown}
 m - a scroll of enchant weapon {unknown}
 n - a scroll of torment {unknown}
 s - a scroll of vulnerability {unknown}
 t - 2 scrolls of fog
 u - a scroll of silence {unknown}
 F - 3 scrolls of noise {unknown}
 I - a scroll of immolation {unknown}
Potions
 j - 2 potions of heal wounds
 o - 2 potions of might
 w - 4 potions of mutation
 x - 2 potions of curing
 A - 3 potions of flight
 B - a potion of resistance {unknown}
 L - 2 potions of invisibility {unknown}


   Skills:
 - Level 1.7 Fighting
 + Level 11.8 Polearms
 - Level 0.8 Throwing
 - Level 0.8 Armour
 - Level 1.7 Dodging
 - Level 1.7 Spellcasting
 - Level 2.6 Translocations


You had 5 spell levels left.
You knew the following spells:

 Your Spells              Type           Power      Damage    Failure   Level
a - Blink                 Tloc           18%        N/A       19%         2
b - Teleport Other        Tloc           9%         N/A       36%         3
q - Apportation           Tloc           18%        N/A       12%         1

Your spell library contained the following spells:

 Spells                   Type           Power      Damage    Failure   Level
 Animate Skeleton         Necr           2%         N/A       36%         1
 Summon Small Mammal      Summ           4%         N/A       36%         1
 Gell's Gravitas          Tloc           9%         N/A       36%         3
 Lesser Beckoning         Tloc           9%         N/A       36%         3
 Manifold Assault         Tloc           9%         N/A       98%         5


Dungeon Overview and Level Annotations

Branches:
Dungeon (8/15)             Temple (0/1) D:4
   Lair: D:8-11

Shops:
D:1 ?   D:4 ?   D:5 ([(

Annotations:
D:7 2 exclusions, Joseph


Innate Abilities, Weirdness & Mutations

You have an increased reservoir of magic. (+10% MP)
You shall have no god before yourself.
Your divine heritage dramatically boosts your attributes as you level up.


Message History

Joseph easily resists.
Unknown command.
Casting: Teleport Other (dangerous; 36% risk of failure)
Confirm with . or Enter, or press ? or * to list all spells.
You blink.
Unknown command.
Unknown command.
Unknown command.
Unknown command.
Joseph shoots a sling bullet.
The sling bullet hits you but does no damage.
Unknown command.
Joseph unwields a +0 hunting sling.
Joseph wields a +0 quarterstaff.
Joseph hits you but does no damage.
You feel stable enough to blink again. Joseph misses you.
Unknown command.
Unknown command.
You block Joseph's attack.
Unknown command.
Unknown command.
Press: ? - help, v - describe, . - travel
Here: Joseph, wielding a +0 quarterstaff, wearing a +3 leather armour of fire resistance and quivering sling bullets The floor.
Unknown command.
Unknown command.
Okay, then.
Joseph misses you.
Unknown command.
Joseph unwields a +0 quarterstaff.
Joseph wields a +0 hunting sling.
Joseph shoots a sling bullet.
The sling bullet hits you.
Unknown command.
Joseph shoots a sling bullet.
The sling bullet hits you!
* * * LOW HITPOINT WARNING * * *
Unknown command.
Unknown command.
Unknown command.
Unknown command.
Joseph shoots a sling bullet.
The sling bullet hits you!
You die...

#P ♣♣≈..# #....# #.... #≈≈♣
♣≈P..########....####....
#≈≈≈♣♣♣≈≈P..)..................
#≈≈≈≈≈PP.......############....
#.≈P≈.##.....@.# ##### #.P###
#######.# # #.. #.# #
#.###########.################
#............@................
##.###########################
#.# ..# #.# #.# #.# #.# #.# #.#
#.# #.# #.#. #.#
#.#.#####.###################


You could see Joseph.

Vanquished Creatures
  A cyclops (D:6)
  A troll (D:5)
  Sigmund (D:6)
  A water moccasin (D:7)
  3 sky beasts
  2 necrophages
  2 ogres
  2 centaurs
  Blork the orc (D:6)
  2 scorpions
  2 water moccasin zombies
  A centaur zombie (D:4)
  A bullfrog zombie (D:6)
  5 hounds
  3 orc priests
  A bullfrog skeleton (D:6)
  5 iguanas
  A scorpion zombie (D:5)
  4 gnolls
  7 adders
  A shadow imp (D:6)
  A white imp (D:6)
  3 ufetubi
  An adder skeleton (D:4)
  2 worms
  3 dart slugs
  8 orcs
  9 ball pythons
  8 endoplasms
  8 giant cockroaches
  6 goblins
  7 hobgoblins
  7 jackals
  4 kobolds
  4 quokkas
  2 bats (D:1)
  3 frilled lizards
  8 rats
131 creatures vanquished.

Vanquished Creatures (others)
  2 fungi (D:2)
  66 plants (D:7)
  5 toadstools (D:2)
73 creatures vanquished.

Grand Total: 204 creatures vanquished

Notes
Turn   | Place    | Note
-------+----------+-------------------------------------------
     0 | D:1      | drugrobin the Demigod Warper began the quest for the Orb.
     0 | D:1      | Reached XP level 1. HP: 17/17 MP: 5/5
    83 | D:1      | Reached skill level 2 in Polearms
   496 | D:1      | Reached XP level 2. HP: 24/24 MP: 7/7
   550 | D:1      | Found Yvvyllik's Magic Scroll Emporium.
   833 | D:1      | Reached skill level 3 in Polearms
  1391 | D:2      | Reached XP level 3. HP: 29/29 MP: 8/8
  1394 | D:2      | Learned a level 2 spell: Blink
  1396 | D:2      | Learned a level 1 spell: Apportation
  2253 | D:2      | Reached skill level 4 in Polearms
  2794 | D:2      | Reached XP level 4. HP: 36/36 MP: 6/9
  4342 | D:4      | Reached skill level 5 in Polearms
  4342 | D:4      | Reached XP level 5. HP: 41/41 MP: 10/10
  4709 | D:4      | Noticed an ogre
  4727 | D:4      | Killed an ogre
  4738 | D:4      | Reached skill level 6 in Polearms
  4738 | D:4      | Reached XP level 6. HP: 25/48 MP: 11/11
  5648 | D:4      | Found a staircase to the Ecumenical Temple.
  5845 | D:4      | Found Nuixan's Magic Scroll Boutique.
  5993 | D:5      | Entered Level 5 of the Dungeon
  6318 | D:5      | Noticed a troll
  6329 | D:5      | Reached skill level 7 in Polearms
  6348 | D:5      | Killed a troll
  6349 | D:5      | Reached XP level 7. HP: 53/53 MP: 8/12
  6369 | D:5      | Reached skill level 8 in Polearms
  6427 | D:5      | Found Hoapnous's Weapon Boutique.
  6430 | D:5      | Bought 2 poisoned darts for 9 gold pieces
  6452 | D:5      | Found Xiraajer's Armour Shop.
  6571 | D:5      | Found Daplappe's Antique Weapon Shop.
  7610 | D:5      | Reached skill level 9 in Polearms
  8103 | D:6      | Reached XP level 8. HP: 54/60 MP: 13/13
  8134 | D:6      | Noticed Sigmund
  8150 | D:6      | Noticed a cyclops
  8168 | D:6      | Killed Sigmund
  8182 | D:6      | Killed a cyclops
  8183 | D:6      | Reached skill level 10 in Polearms
  8678 | D:6      | Reached skill level 11 in Polearms
  8994 | D:6      | Noticed Blork the orc
  9009 | D:6      | Killed Blork the orc
  9789 | D:7      | Reached XP level 9. HP: 60/67 MP: 14/14
  9793 | D:7      | Learned a level 3 spell: Teleport Other
 10707 | D:8      | Noticed Joseph
 10725 | D:7      | Shot with a sling bullet by Joseph

Illustrated notes

Levels and vault maps discovered:
D:1:      dpeg_arrival_water_fire, layout_basic, serial_shops, shop,
          hellmonk_ecumenical_altar_heavens_door
D:2:      layout_basic, chequers_serial_rivers_marsh, minmay_gold_behind_fungi,
          minmay_tree_intersection
D:3:      layout_loops_ring, grunt_ministairs_12
D:4:      layout_loops_corners, minitemple, ashenzari_conservatory_becter,
          minmay_temple_entry_fiery, serial_shops, shop,
          serial_co_window_serial, co_window_corner_a, co_window_paths_b,
          co_window_corner_a, co_window_paths_b, co_window_corner_a,
          co_window_of_opportunity_c, co_window_of_opportunity_b,
          co_window_cross_3, co_window_paths_c, co_window_of_opportunity_b,
          co_window_paths_c, glass_columns_a, glass_columns_b, glass_columns_a,
          glass_columns_c, glass_columns_a, eino_tiny_chamber, minmay_bisected
D:5:      layout_basic, mainiacjoe_overflow_boulevard, serial_shops,
          nicolae_take_the_stairs, nicolae_shop_temple_entry_statues_fountains,
          kennysheep_mini
D:6:      layout_basic, chequers_mini_garden, uniq_blork_the_orc, uniq_sigmund
D:7:      layout_basic, serial_bayou, serial_bayou_pond_a,
          serial_bayou_lagoon_a, serial_bayou_pond_c, serial_bayou_pond_c,
          serial_bayou_lake_a
D:8:      layout_cave_pods, mainiacjoe_overflow_six_doors_small, enter_bailey_3,
          serial_shops, shop, uniq_joseph

Skill      XL: |  1  2  3  4  5  6  7  8 |
---------------+-------------------------+-----
Polearms       | 2 3 4 5 6 7 9 11 | 11.8
Fighting       | |  1.7
Throwing       | |  0.8
Armour         | |  0.8
Dodging        | |  1.7
Spellcasting   | |  1.7
Translocations | |  2.6

Action                   |  1- 3 |  4- 6 |  7- 9 || total
-------------------------+-------+-------+-------++-------
Melee: Spear             |   202 |   183 |   166 ||   551
       Punch             |     1 |       |       ||     1
       Trident           |       |       |   168 ||   168
       War axe           |       |       |    13 ||    13
 Fire: Hunting sling     |     7 |    40 |     2 ||    49
Throw: Stone             |    10 |     4 |    10 ||    24
       Dart              |       |     4 |     4 ||     8
       Throwing net      |       |     1 |     1 ||     2
       Boomerang         |       |       |    17 ||    17
 Cast: Blink             |     4 |     3 |     6 ||    13
       Teleport Other    |       |       |     3 ||     3
Evoke: Wand              |       |     1 |     2 ||     3
  Use: Scroll            |       |     4 |     3 ||     7
       Potion            |       |       |     1 ||     1
 Stab: Sleeping          |     1 |     1 |       ||     2
       Distracted        |       |     1 |       ||     1
       Held in net/web   |       |     1 |       ||     1
Armor: Leather armour    |    51 |    53 |    67 ||   171
Dodge: Dodged            |    90 |    78 |   129 ||   297
Block: Buckler           |       |    22 |    49 ||    71

Table legend: (Time is in decaauts)
 A = Elapsed time spent in this place.
 B = Non-inter-level travel time spent in this place.
 C = Inter-level travel time spent in this place.
 D = Time resting spent in this place.
 E = Time spent auto-exploring this place.
 F = Levels seen in this place.
 G = Mean time per level.
                   A        B        C        D        E       F      G
               +--------+--------+--------+--------+--------+-----+--------+
         Total |  10625 |  10052 |    573 |   2191 |   6038 |   8 | 1328.1 |
       Dungeon |  10625 |  10052 |    573 |   2191 |   6038 |   8 | 1328.1 |
               +--------+--------+--------+--------+--------+-----+--------+

Top non-repeatable levels by time:
     D:4: 1927 daAuts
     D:2: 1895 daAuts
     D:6: 1671 daAuts
     D:5: 1534 daAuts
     D:1: 1461 daAuts
     D:3: 1170 daAuts
     D:7: 962 daAuts
     D:8: 1 daAuts
